Map: Forteresse de fer EC

Players

AgCl

  • Race: Protoss Protoss
  • League: Grandmaster

Balzac - Winner!

  • Race: Protoss Protoss
  • League: Grandmaster

VOD

Have the link to the VOD?

Description

Time

  • Played on: June 9, 2015, 10:42 p.m.
  • Length: 10:44
Show
View Real Time Build Order
Export as new Build Order

AgCl Protoss 

Build Orders: Oracle Opening, Oracle Opening, Phoenix Opening, Phoenix Opening 

Get SALT Encoding   

  12  0:14  Pylon  
  12  0:26  Probe  
  13  0:33  Gateway  
  13  0:39  Probe  
  14  0:51  Probe  
  15  1:03  Probe (Chrono Boost)  
  16  1:06  Assimilator  
  16  1:15  Probe (Chrono Boost)  
  17  1:21  Zealot (Chrono Boost)  
  17  1:22  Probe (Chrono Boost)  
  20  1:32  Probe  
  21  1:35  Cybernetics Core  
  21  1:37  Pylon  
  21  1:44  Probe  
  22  1:48  Assimilator  
  22  1:56  Probe (Chrono Boost)  
  23  2:08  Probe (Chrono Boost)  
  24  2:12  Pylon  
  24  2:14  Probe (Chrono Boost)  
  25  2:17  Warp Gate (Chrono Boost)  
  25  2:25  Probe  
  24  2:37  Probe  
  24  2:39  Stargate  
  25  2:52  Nexus  
  25  2:58  Mothership Core (Chrono Boost)  
  27  3:08  Pylon  
  27  3:12  Probe (Chrono Boost)  
  28  3:22  Oracle (Chrono Boost)  
  31  3:28  Probe  
  32  3:44  Probe  
  33  3:51  Phoenix (Chrono Boost)  
  35  4:00  Probe  
  36  4:04  Pylon  
  36  4:21  Pylon  
  34  4:40  Probe (Chrono Boost)  
  34  4:42  Stalker  
  37  4:45  Probe (Chrono Boost)  
  37  4:54  Probe (Chrono Boost)  
  37  5:00  Probe (Chrono Boost)  
  39  5:07  Stalker  
  39  5:09  Probe x2 (Chrono Boost)  
  42  5:18  Gateway  
  42  5:20  Pylon  
  42  5:23  Probe  
  42  5:27  Gateway  
  42  5:28  Probe (Chrono Boost)  
  44  5:34  Forge  
  44  5:35  Probe (Chrono Boost), Pylon  
  45  5:36  Gateway  
  45  5:40  Probe (Chrono Boost)  
  46  5:45  Void Ray (Chrono Boost)  
  46  5:46  Probe (Chrono Boost)  
  46  5:48  Probe (Chrono Boost)  
  46  5:49  Pylon  
  52  5:53  Probe (Chrono Boost)  
  53  6:01  Probe  
  53  6:02  Assimilator  
  54  6:04  Protoss Air Weapons Level 1  
  54  6:07  Robotics Facility  
  54  6:08  Assimilator  
  54  6:11  Twilight Council  
  54  6:16  Photon Cannon  
  54  6:24  Probe  
  48  6:34  Probe  
  48  6:37  Oracle (Chrono Boost)  
  44  6:50  Probe  
  43  6:55  Pylon  
  43  6:57  Pylon  
  43  6:59  Pylon  
  41  7:12  Probe  
  41  7:14  Observer (Chrono Boost)  
  37  7:26  Probe (Chrono Boost)  
  36  7:36  Probe (Chrono Boost)  
  37  7:37  Probe (Chrono Boost)  
  39  7:44  Probe (Chrono Boost)  
  39  7:45  Probe (Chrono Boost)  
  40  7:52  Probe (Chrono Boost)  
  40  7:53  Probe (Chrono Boost)  
  41  7:59  Probe  
  41  8:01  Probe (Chrono Boost)  
  43  8:11  Probe (Chrono Boost)  
  44  8:13  Probe (Chrono Boost)  
  44  8:14  Observer  
  47  8:20  Photon Cannon  
  47  8:21  Probe (Chrono Boost)  
  47  8:22  Probe (Chrono Boost)  
  48  8:28  Probe  
  48  8:30  Probe (Chrono Boost)  
  51  8:42  Probe (Chrono Boost)  
  51  8:46  Probe (Chrono Boost)  
  49  8:49  Immortal (Chrono Boost)  
  49  8:51  Probe (Chrono Boost)  
  49  8:53  Probe (Chrono Boost)  
  55  8:59  Probe  
  56  9:04  Probe  
  56  9:07  Dark Shrine  
  57  9:14  Probe  
  57  9:16  Probe  
  59  9:17  Gateway  
  59  9:18  Gateway  
  59  9:19  Gateway  
  61  9:33  Nexus  
  61  9:36  Pylon  
  61  9:37  Gateway  
  59  9:39  Gateway  
  59  9:43  Probe  
  60  9:54  Probe  
  60  9:58  Adept  
  60  9:59  Immortal  
  63  10:01  Probe  
  68  10:17  Probe  
  68  10:19  Probe  
  70  10:26  Pylon  
  70  10:29  Probe  
  70  10:32  Adept  
Show
View Real Time Build Order
Export as new Build Order

Balzac Protoss - Winner!

Build Orders:  

Get SALT Encoding   

  12  0:01  Probe  
  13  0:17  Pylon  
  13  0:19  Probe  
  14  0:35  Probe (Chrono Boost)  
  15  0:42  Gateway  
  15  0:45  Probe (Chrono Boost)  
  16  0:52  Probe  
  17  0:58  Assimilator  
  17  1:04  Probe (Chrono Boost)  
  18  1:06  Assimilator  
  18  1:09  Pylon  
  18  1:16  Probe (Chrono Boost)  
  19  1:23  Probe (Chrono Boost)  
  20  1:30  Cybernetics Core  
  20  1:33  Probe (Chrono Boost)  
  21  1:44  Probe (Chrono Boost)  
  23  1:54  Probe  
  23  1:59  Gateway  
  24  2:10  Mothership Core (Chrono Boost)  
  24  2:11  Adept  
  24  2:48  Stalker (Chrono Boost)  
  28  2:51  Warp Gate  
  28  2:53  Probe  
  28  2:55  Stalker (Chrono Boost)  
  29  3:05  Probe  
  30  3:27  Probe  
  30  3:33  Twilight Council  
  30  3:34  Pylon  
  30  3:38  Robotics Facility  
  30  3:52  Probe  
  30  3:53  Stalker (Chrono Boost)  
  33  3:56  Stalker (Chrono Boost)  
  35  4:05  Probe  
  36  4:16  Stalker  
  38  4:42  Dark Shrine  
  38  4:59  Probe  
  37  5:11  Probe  
  38  5:23  Probe  
  36  5:36  Gateway  
  36  5:40  Pylon  
  36  5:42  Probe  
  37  5:45  Nexus  
  37  5:54  Probe  
  38  5:58  Dark Templar  
  38  5:59  Dark Templar  
  42  6:06  Probe  
  43  6:18  Probe  
  44  6:30  Probe  
  45  6:42  Probe  
  46  6:57  Probe  
  46  6:58  Stalker x2  
  51  7:02  Pylon  
  51  7:05  Stargate  
  51  7:08  Stargate  
  49  7:09  Probe  
  50  7:21  Probe  
  51  7:33  Probe  
  51  7:34  Stalker  
  51  7:36  Probe  
  53  7:38  Assimilator  
  53  7:41  Observer  
  53  7:42  Assimilator  
  54  7:45  Probe  
  54  7:46  Pylon  
  54  7:48  Probe  
  56  7:52  Forge, Void Ray  
  56  7:57  Probe  
  61  8:13  Probe x2  
  61  8:19  Void Ray (Chrono Boost)  
  66  8:48  Probe x2  
  68  8:51  Void Ray (Chrono Boost)  
  72  8:56  Photon Cannon  
  72  9:07  Probe x2  
  74  9:12  Nexus, Pylon  
  74  9:13  Fleet Beacon  
  74  9:19  Probe x2  
  76  9:30  Void Ray (Chrono Boost)  
  80  9:33  Pylon  
  80  9:34  Pylon  
  80  9:38  Observer  
  81  9:47  Probe x2  
  83  9:56  Void Ray (Chrono Boost)  
  86  10:03  Photon Cannon  
  86  10:05  Photon Cannon x2  
  90  10:28  Zealot x3  
Tags
 
Add a new tag
Caveats
  • Supply blocks, unpowered buildings, or Contaminate may cause inaccurate times.
  • Supply counts are checked every 10 seconds.